 Dungeon Crawl Stone Soup version 0.20-a0-2-g2b0e13a (webtiles) character file.

21452 Gobser the Carver (level 12, -2/157 HPs)
             Began as a Purple Draconian Fighter on Oct 28, 2016.
             Was a High Priest of Ashenzari.
             Slain by rvmSA's ghost (7 damage)
             ... on level 1 of the Spider Nest.
             The game lasted 01:19:52 (16439 turns).

Gobser the Carver (Purple Draconian Fighter)       Turns: 16439, Time: 01:19:52

Health: -2/157     AC: 12    Str: 30    XL:     12   Next: 54%
Magic:  14/14      EV: 16    Int: 11    God:    Ashenzari [*****.]
Gold:   991        SH: 16    Dex: 11    Spells: 0 memorised, 11 levels left

rFire  . . .     SeeInvis +     a - +5 long sword (curse)
rCold  . . .     Gourm    .     (armour unavailable)
rNeg   . . .     Faith    .     b - +2 shield (curse)
rPois  .         Spirit   .     (helmet restricted)
rElec  .         Reflect  .     A - +0 cloak (curse)
rCorr  .         Harm     .     (no gloves)
MR     +....     Clarity  +     (no boots)
Stlth  ..........               s - amulet of rage
                                w - +4 ring of strength (curse)
                                Q - +3 ring of protection

@: berserking, lethally poisoned (-2 -> -2), short of breath, very quick
A: breathe power, unfitting armour, cold-blooded, AC +8
a: Breathe Dispelling Energy, Curse Item, Scrying, Transfer Knowledge, Renounce
Religion, Evoke Berserk Rage


You were on level 1 of the Spider Nest.
You worshipped Ashenzari.
Ashenzari was extremely pleased with you.
You were not hungry.

You visited 3 branches of the dungeon, and saw 15 of its levels.

You collected 991 gold pieces.

Inventory:

Hand Weapons
 a - a cursed +5 long sword (weapon)
 n - a +3 short sword
 q - a cursed -2 falchion
Armour
 b - a cursed +2 shield (worn)
 m - a cursed +0 robe
 A - a cursed +0 cloak (worn)
Magical Staves
 F - a cursed staff of fire
Jewellery
 e - a +2 ring of evasion
 g - an uncursed ring of protection from cold
 j - an uncursed amulet of magic regeneration
 s - an amulet of rage (around neck)
 w - a cursed +4 ring of strength (right hand)
 D - a +3 ring of dexterity
 G - an uncursed ring of wizardry
 Q - a +3 ring of protection (left hand)
Wands
 f - a wand of slowing (23/48)
 h - a wand of disintegration (8/24)
 p - a wand of random effects (39/48)
 r - a wand of confusion (10/48)
 u - a wand of iceblast (7/15)
 v - a wand of iceblast (0/15)
 B - a wand of polymorph (13/24)
 E - a wand of acid (6/15)
 H - a wand of acid (1/15)
 I - a wand of flame (16/48)
 K - a wand of digging (6/24)
 N - a wand of flame (9/48)
Scrolls
 y - 2 scrolls of teleportation
 J - a scroll of amnesia
 L - a scroll of identify
 R - 3 scrolls of remove curse
Potions
 c - 3 potions of might
 k - 3 potions of brilliance
 t - a potion of cancellation
 z - 2 potions of flight
 C - a potion of agility
Comestibles
 d - 5 bread rations
 i - 18 fruits
 l - 8 slices of pizza
 x - a meat ration


   Skills:
 + Level 9.5 Fighting
 + Level 13.0(16.6) Long Blades
 + Level 0.1 Throwing
 + Level 8.8 Dodging
 - Level 1.0 Stealth
 + Level 11.0(13.4) Shields
 + Level 3.5 Evocations


You had 11 spell levels left.
You didn't know any spells.

Dungeon Overview and Level Annotations

Branches:
Dungeon (11/15)            Temple (0/1) D:6            Lair (3/6) D:11
 Spider (1/4) Lair:3
  Swamp: Lair:2-4    Shoals: Lair:2-4       Orc: D:9-12

Altars:
Ashenzari
Kikubaaqudgha
Makhleb
Okawaru
Qazlal
Ru
Sif Muna
Trog
Xom

Shops:
D:9 :

Annotations:
Spider:1 rvmSA's ghost, journeyman HEAs


Innate Abilities, Weirdness & Mutations

You can breathe bolts of dispelling energy.
Your rich purple scales are hard. (AC +8)
You cannot fit into any form of body armour.
You are cold-blooded and may be slowed by cold attacks.


Message History

RvmSA's ghost is lightly damaged.
RvmSA's ghost hits you.
You closely miss rvmSA's ghost.
Your tail-slap misses rvmSA's ghost.
RvmSA's ghost is lightly damaged.
You feel sick. RvmSA's ghost hits you!
You slash rvmSA's ghost!
RvmSA's ghost is moderately damaged.
You hit rvmSA's ghost.
RvmSA's ghost is moderately damaged.
You feel sick. RvmSA's ghost hits you!
You hit rvmSA's ghost.
Your tail-slap misses rvmSA's ghost.
RvmSA's ghost is moderately damaged.
RvmSA's ghost hits you!!
* * * LOW HITPOINT WARNING * * *
You are electrocuted!
* * * LOW HITPOINT WARNING * * *
A red film seems to cover your vision as you go berserk!
You feel yourself moving faster!
You feel mighty!
You feel sick. RvmSA's ghost hits you!
You die...

, , ...#........W#...# . ##
#....#####....### ..#.
....#.#^#......### ##* ##
..#.####..(#...#######.#.*.#.##
....#≈#......#..#..# .... ...≈
.,#..#≈###.s......###,..# ..##
{##..#.#....####.##^###.##...#
...#[..#.#.{...#W#..#.#.....###
...#.#...#..##.#@>.........^..###
##a...#........#..#^......##....#
..s..###s..#..^††##..#.##.......#
#.##..#ss.###.#...#..#≈≈...##...#
...#{a......#.#^.##..###....#####
##{.s#..##..#.#..#....#..#....#
.#..{#....#...####.#######.#.##
...#....#.#.... *.# , ∆#####
##.!.##..##.....#.*, * ,*


You could see rvmSA's ghost.

Vanquished Creatures
  Erolcha (D:11)
  2 hydras
  Erica (D:8)
  The ghost of Banto the Carver, a novice HESk of Okawaru (D:11)
  2 hill giants (D:10)
  An ugly thing (D:11)
  A wolf spider (Spider:1)
  A black mamba (Lair:1)
  2 spiny frogs (Lair:2)
  A komodo dragon (Lair:1)
  A kobold demonologist (D:8)
  A troll (D:9)
  11 blink frogs
  Grinder (D:5)
  5 hippogriffs
  4 redbacks
  A wyvern (Lair:2)
  17 yaks
  A basilisk (Lair:2)
  2 tarantellas (Spider:1)
  Menkaure (D:5)
  4 water moccasins
  The ghost of ZeroCool the Conjurer, an amateur DECj (D:5)
  A soldier ant (D:10)
  11 porcupines
  2 orc warriors
  Duvessa (D:5)
  2 sky beasts (D:10)
  2 ice beasts
  3 phantoms
  3 ogres
  3 wolves (Lair:1)
  5 crocodiles
  5 centaurs
  11 big kobolds (D:8)
  13 bullfrogs
  Dowan (D:5)
  3 scorpions
  6 killer bees (D:10)
  2 bullfrog zombies (D:10)
  4 crimson imps
  2 centaur zombies
  5 hounds
  2 orc priests
  10 orc wizards
  A centaur skeleton (D:5)
  2 bullfrog skeletons
  2 jellies
  3 iguanas
  7 worker ants
  14 hell rats
  A hound zombie (D:9)
  A hound skeleton (D:8)
  7 gnolls
  2 worker ant zombies
  6 adders
  8 river rats (Lair:1)
  3 adder skeletons
  An adder zombie (D:2)
  A dart slug (D:1)
  2 leopard geckos (D:1)
  35 orcs
  A bat skeleton (D:2)
  4 giant cockroaches
  3 hobgoblins
  12 jackals
  8 kobolds
  2 quokkas
  A ball python (D:5)
  A ball python zombie (D:2)
  5 bats
  4 frilled lizards
  7 goblins
  27 rats
  3 fungi (Lair:2)
  A plant (Lair:2)
335 creatures vanquished.

Vanquished Creatures (others)
  9 fungi (Lair:2)
  3 plants (Lair:2)
12 creatures vanquished.

Grand Total: 347 creatures vanquished

Notes
Turn   | Place    | Note
-------+----------+-------------------------------------------
     0 | D:1      | Gobser the Draconian Fighter began the quest for the Orb.
     0 | D:1      | Reached XP level 1. HP: 19/19 MP: 1/1
   241 | D:1      | Reached XP level 2. HP: 16/26 MP: 2/2
   757 | D:2      | Found a burning altar of Makhleb.
   814 | D:2      | Found a shattered altar of Ashenzari.
   823 | D:2      | Became a worshipper of Ashenzari the Shackled
   871 | D:2      | Reached XP level 3. HP: 31/33 MP: 3/3
  1273 | D:3      | Found a sacrificial altar of Ru.
  1299 | D:3      | Reached XP level 4. HP: 18/40 MP: 4/4
  1601 | D:3      | Gained mutation: Your muscles are strong. (Str +2) [potion of mutation]
  1601 | D:3      | Gained mutation: You occasionally shout uncontrollably at your foes. [potion of mutation]
  1601 | D:3      | Gained mutation: You possess an exceptional clarity of mind. [potion of mutation]
  1801 | D:3      | Found a shimmering altar of Xom.
  1803 | D:3      | Found a hazy altar of Hepliaklqana.
  1803 | D:3      | Found a bloodstained altar of Trog.
  1805 | D:3      | Found a glowing silver altar of Zin.
  1805 | D:3      | Found a basalt altar of Yredelemnul.
  1805 | D:3      | Found a hazy altar of Hepliaklqana.
  2010 | D:4      | Reached skill level 3 in Long Blades
  2272 | D:4      | Reached XP level 5. HP: 43/46 MP: 5/5
  2330 | D:4      | Reached skill level 4 in Long Blades
  2838 | D:5      | Entered Level 5 of the Dungeon
  2855 | D:5      | Noticed Grinder
  2859 | D:5      | Paralysed by Grinder for 2 turns
  2865 | D:5      | Paralysed by Grinder for 4 turns
  2875 | D:5      | Paralysed by Grinder for 7 turns
  2898 | D:5      | Killed Grinder
  2898 | D:5      | Reached XP level 6. HP: 35/53 MP: 6/6
  3100 | D:5      | Your scales start taking on a rich purple colour.
  3100 | D:5      | Reached XP level 7. HP: 44/60 MP: 7/7
  3387 | D:5      | Reached skill level 5 in Long Blades
  3404 | D:5      | Reached * piety under Ashenzari
  3455 | D:5      | Noticed ZeroCool's ghost (amateur DECj)
  3468 | D:5      | Killed ZeroCool's ghost
  3468 | D:5      | Reached skill level 5 in Shields
  3567 | D:5      | Noticed Dowan
  3568 | D:5      | Noticed Duvessa
  3586 | D:5      | Killed Duvessa
  3603 | D:5      | Killed Dowan
  3763 | D:5      | Reached skill level 5 in Fighting
  4150 | D:5      | Noticed a hippogriff
  4163 | D:5      | Killed a hippogriff
  4163 | D:5      | Reached skill level 6 in Long Blades
  4163 | D:5      | Reached XP level 8. HP: 30/68 MP: 8/8
  4344 | D:5      | Noticed Menkaure
  4351 | D:5      | Killed Menkaure
  4486 | D:5      | Reached skill level 1 in Stealth
  4632 | D:6      | Found a staircase to the Ecumenical Temple.
  5052 | D:6      | Reached skill level 5 in Dodging
  5799 | D:7      | Reached skill level 7 in Long Blades
  6071 | D:7      | Reached ** piety under Ashenzari
  6236 | D:7      | Reached XP level 9. HP: 51/75 MP: 9/9
  6346 | D:7      | Reached skill level 8 in Long Blades
  7013 | D:8      | Noticed a kobold demonologist
  7022 | D:8      | Killed a kobold demonologist
  7022 | D:8      | Reached skill level 9 in Long Blades
  7593 | D:8      | Found a deep blue altar of Sif Muna.
  7624 | D:8      | Noticed Erica
  7647 | D:8      | Killed Erica
  7647 | D:8      | Reached skill level 1 in Evocations
  7647 | D:8      | Reached XP level 10. HP: 77/84 MP: 10/10
  7665 | D:8      | Reached *** piety under Ashenzari
  8142 | D:8      | Reached skill level 10 in Long Blades
  8365 | D:9      | Found Vason's Book Shop.
  8778 | D:9      | Found an iron altar of Okawaru.
  8795 | D:9      | Found a stormy altar of Qazlal.
  8816 | D:9      | Found a bloodstained altar of Trog.
  8874 | D:9      | Found an ancient bone altar of Kikubaaqudgha.
  9553 | D:10     | Entered Level 10 of the Dungeon
  9831 | D:10     | Reached skill level 11 in Long Blades
 10222 | D:10     | Reached **** piety under Ashenzari
 10342 | D:10     | Noticed a hill giant
 10348 | D:10     | Killed a hill giant
 10348 | D:10     | Reached XP level 11. HP: 81/92 MP: 12/12
 10634 | D:10     | Noticed a hill giant
 10647 | D:10     | Killed a hill giant
 11081 | D:11     | Noticed a cyan ugly thing
 11100 | D:11     | Killed a cyan ugly thing
 11350 | D:11     | Noticed Banto's ghost (novice HESk)
 11352 | D:11     | Noticed Erolcha
 11364 | D:11     | Killed Erolcha
 11387 | D:11     | Killed Banto's ghost
 11636 | D:11     | Found a staircase to the Lair.
 11661 | Lair:1   | Entered Level 1 of the Lair of Beasts
 11661 | Lair:1   | Noticed a four-headed hydra
 11689 | Lair:1   | Killed an eight-headed hydra
 11889 | Lair:1   | Reached skill level 12 in Long Blades
 12560 | Lair:1   | Reached skill level 10 in Shields
 13876 | Lair:2   | Reached ***** piety under Ashenzari
 14138 | Lair:2   | Reached XP level 12. HP: 95/103 MP: 13/13
 14459 | Lair:2   | Noticed a seven-headed hydra
 14881 | Lair:2   | Noticed a four-headed hydra
 14911 | Lair:2   | Killed a 14-headed hydra
 15395 | Lair:2   | Lost mutation: You possess an exceptional clarity of mind. [potion of cure mutation]
 15395 | Lair:2   | Lost mutation: Your muscles are strong. (Str +2) [potion of cure mutation]
 15395 | Lair:2   | Lost mutation: You occasionally shout uncontrollably at your foes. [potion of cure mutation]
 15899 | Lair:3   | Found a hole to the Spider Nest.
 15965 | Spider:1 | Entered Level 1 of the Spider Nest
 15997 | Spider:1 | Noticed rvmSA's ghost (journeyman HEAs)
 15999 | Spider:1 | Noticed an entropy weaver
 16414 | Spider:1 | Reached skill level 13 in Long Blades
 16438 | Spider:1 | HP: 4/105 [rvmSA's ghost (18)]
 16439 | Spider:1 | Slain by rvmSA's ghost

Vault maps used:
D:1:      mushboom_english_gardens
D:2:      nicolae_overflow_crystal_walls, first_bread, serial_undead,
          serial_undead_b, serial_undead_b, serial_undead_b, serial_undead_a,
          evilmike_ruin_ashenzari
D:3:      nicolae_ru_great_annihilating_truth, doesnt_xom_only_xom
D:4:      hex_large, minmay_misc_feat_rows
D:5:      uniq_grinder, uniq_menkaure, uniq_duvessa
D:8:      led_sif_book, special_room, uniq_erica
D:9:      nicolae_overflow_quartered_altars, serial_shops,
          nicolae_shop_temple_entry_statues_fountains, grunt_pizzeria
D:11:     lair_0_dummy, minmay_misc_feat_secret_circle, item_on_display_a,
          uniq_erolcha, uniq_urug, uniq_psyche
Lair:1:   lemuel_ratsnest, lemuel_fruit_tree, lemuel_fruit_fields,
          grunt_megastairs_4
Lair:3:   spider_nest_entry_webs, minivault_25, serial_bayou_shore_b,
          lemuel_fruit_fields
Spider:1: spider_trap, zaba_anthell

Skill      XL: |  1  2  3  4  5  6  7  8  9 10 11 12 |
---------------+-------------------------------------+-----
Dodging        | 3 4 5 6 7 8 |  8.8
Long Blades    | 3 4 6 7 9 11 12 13 | 13.0
Fighting       | 4 5 6 7 8 9 |  9.5
Shields        | 4 5 6 7 9 10 11 | 11.0
Stealth        | 1 |  1.0
Evocations     | 1 2 3 |  3.5
Throwing       | |  0.1

Action                   |  1- 3 |  4- 6 |  7- 9 | 10-12 || total
-------------------------+-------+-------+-------+-------++-------
Melee: Long sword        |   118 |   102 |   382 |   784 ||  1386
       Tailslap          |    12 |    16 |    61 |   148 ||   237
Throw: Throwing net      |       |       |       |     2 ||     2
Invok: Curse Item        |       |     2 |       |     2 ||     4
 Abil: Breathe Dispellin |       |       |     5 |     3 ||     8
       Evoke Berserk Rag |       |       |     1 |     1 ||     2
Evoke: Wand              |       |       |     4 |    33 ||    37
  Use: Scroll            |     7 |     1 |     5 |    21 ||    34
       Potion            |     5 |     8 |     4 |    14 ||    31
 Stab: Held in net/web   |       |       |       |     1 ||     1
       Confused          |       |       |       |     1 ||     1
  Eat: Fruit             |     2 |       |       |     2 ||     4
       Bread ration      |       |     1 |     2 |     4 ||     7
       Meat ration       |       |     1 |     1 |     2 ||     4
       Pizza             |       |       |     1 |     1 ||     2
Armor: Skin              |    38 |    32 |    50 |    76 ||   196
Dodge: Dodged            |    67 |    78 |   174 |   303 ||   622
Block: Shield            |    64 |    60 |   238 |   462 ||   824
       Rpst.: Long sword |    20 |    27 |    55 |    91 ||   193
